 Dungeon Crawl Stone Soup version 0.29.1-2-gbd0b4ee654 (webtiles) character file.

Game seed: 3925981988161146742

812 kalagan the Conjurer (level 7, -2/36 HPs)
             Began as a Deep Elf Conjurer on Nov 9, 2022.
             Slain by Pikel the manticore (3 damage)
             ... on level 3 of the Dungeon.
             The game lasted 00:05:01 (3865 turns).

kalagan the Conjurer (Deep Elf Conjurer)            Turns: 3865, Time: 00:05:02

Health: -2/36      AC:  6    Str:  6    XL:     7   Next: 61%
Magic:  11/18      EV: 13    Int: 23    God:
Gold:   91         SH:  0    Dex: 13    Spells: 15/18 levels left

rFire   . . .      SeeInvis .   q - +0 rapier (protect)
rCold   . . .      Faith    .   (no shield)
rNeg    . . .      Spirit   .   a - +0 robe
rPois   .          Reflect  .   j - +2 hat
rElec   .          Harm     .   n - +0 cloak
rCorr   .          Rampage  .   (no gloves)
Will    +....                   h - +0 pair of boots
Stlth   +++.......              (no amulet)
HPRegen 0.12/turn               i - ring of willpower
MPRegen 0.16/turn               (no ring)

@: no status effects
A: no striking features
a: no special abilities


You were on level 3 of the Dungeon.
You visited 1 branch of the dungeon, and saw 4 of its levels.

You collected 91 gold pieces.

Inventory:

Hand Weapons
 q - a +0 rapier of protection (weapon)
Armour
 a - a +0 robe (worn)
 h - a +0 pair of boots (worn)
 j - a +2 hat (worn)
 n - a +0 cloak (worn)
Jewellery
 i - a ring of willpower (left hand)
 m - a ring of ice
Wands
 g - a wand of polymorph (5)
Scrolls
 k - 2 scrolls of identify
Potions
 b - 2 potions of magic
 c - 2 potions of mutation
 d - 3 potions of curing {unknown}
 e - a potion of flight {unknown}
 f - a potion of haste {unknown}
 l - a potion of brilliance
 o - a potion of cancellation {unknown}
 p - 5 potions of degeneration {unknown}


   Skills:
 + Level 4.2 Dodging
 + Level 4.5 Stealth
 * Level 6.0 Spellcasting
 * Level 6.2 Conjurations
 + Level 3.3 Hexes
 * Level 4.0 Translocations


You had 15 spell levels left.
You knew the following spells:

 Your Spells              Type           Power      Damage    Failure   Level
a - Magic Dart            Conj           100%       1d8       1%          1
b - Searing Ray           Conj           70%        2d7       1%          2

Your spell library contained the following spells:

 Spells                   Type           Power      Damage    Failure   Level
 Dazzling Flash           Conj/Hex       58%        N/A       3%          3
 Iskenderun's Mystic Bla  Conj/Tloc      30%        2d8       11%         4
 Fulminant Prism          Conj/Hex       14%        3d9       12%         4


Dungeon Overview and Level Annotations

Branches:
Dungeon (4/15)
 Temple: D:4-7

Altars:

Annotations:
D:3 Pikel


Message History

Confirm with . or Enter, or press ? or * to list all spells.
Okay, then.
Okay, then.
Aiming: Polymorph
Press: ? - help, Shift-Dir - straight line, f/p - lemure
Aim: a lemure (moderately wounded, will become a neqoxec, a white imp, or a crimson imp, chance to affect: 49%) Pikel evaporates and reforms as a culicivora!
A jackal comes into view.
Unknown command.
Pikel bites you!
Pikel draws strength from your injuries!
You climb upwards.
There is a stone staircase leading down here.
Casting: Searing Ray (safe; 1% risk of failure)
Confirm with . or Enter, or press ? or * to list all spells.
Okay, then.
Aiming: Polymorph
Press: ? - help, Shift-Dir - straight line, f - Pikel
Aim: Pikel the culicivora (will become a raiju, a fire crab, or a manticore, chance to affect: 49%) Pikel resists with some effort.
Pikel bites you but does no damage. Pikel bites you.
Pikel draws strength from your injuries!
Aiming: Polymorph
Press: ? - help, Shift-Dir - straight line, f/p - Pikel
Aim: Pikel the culicivora (will become a raiju, a fire crab, or a manticore, chance to affect: 49%) Pikel the culicivora evaporates and reforms as a manticore!
Unknown command.
Aiming: Polymorph
Press: ? - help, Shift-Dir - straight line, f/p - Pikel
Aim: Pikel the manticore (will become a floating eye, a swamp dragon, or a glowing orange brain, chance to affect: 31%) Pikel easily resists.
Pikel bites you!
* * * LOW HITPOINT WARNING * * *
Pikel closely misses you. Pikel claws you but does no damage.
Aiming: Polymorph
Press: ? - help, Shift-Dir - straight line, f/p - Pikel
Aim: Pikel the manticore (will become a floating eye, a swamp dragon, or a glowing orange brain, chance to affect: 31%) Pikel easily resists.
Pikel bites you!
* * * LOW HITPOINT WARNING * * *
Pikel barely misses you. Pikel claws you.
You die...

#.###.....#
#.[.....#
....#.....#
###.#####
.>#.#.....# #†#
###.#.....# #.##
.##.#.....# #..#
.##.####### ##.#
....# #########.#
.#### #......[H.#
.########......[@.#
.##...............#
.##.#####....^....#
.#...# #.........#
....## #.........#
##### #.........#
#.........#
#.........#
###########


You could see Pikel the manticore.

Vanquished Creatures
  Grinder (D:3)
  Sigmund (D:3)
  Menkaure (D:4)
  A black bear (D:3)
  An orc priest (D:4)
  Natasha (thrice) (D:3 D:2)
  7 adders
  A worm (D:2)
  2 dart slugs
  9 orcs
  5 endoplasms
  2 giant cockroaches
  6 goblins
  3 hobgoblins
  7 jackals
  2 kobolds
  7 quokkas
  6 ball pythons
  5 bats
  4 frilled lizards
  3 rats
77 creatures vanquished.

Vanquished Creatures (others)
  4 withered plants (D:3)
4 creatures vanquished.

Grand Total: 81 creatures vanquished

Notes
Turn   | Place    | Note
-------+----------+-------------------------------------------
     0 | D:1      | kalagan the Deep Elf Conjurer began the quest for the Orb.
     0 | D:1      | Reached XP level 1. HP: 10/10 MP: 6/6
   355 | D:1      | Reached XP level 2. HP: 15/15 MP: 6/8
   358 | D:1      | Learned a level 2 spell: Searing Ray
   690 | D:1      | Reached skill level 1 in Translocations
   914 | D:2      | Reached skill level 1 in Hexes
   914 | D:2      | Reached XP level 3. HP: 19/19 MP: 6/10
  1351 | D:2      | Reached XP level 4. HP: 24/24 MP: 8/11
  2277 | D:3      | Noticed Natasha
  2281 | D:3      | Killed Natasha
  2282 | D:3      | Reached skill level 5 in Conjurations
  2433 | D:3      | Noticed Sigmund
  2443 | D:3      | Killed Sigmund
  2444 | D:3      | Reached XP level 5. HP: 19/28 MP: 5/14
  2444 | D:3      | Reached XP level 6. HP: 22/32 MP: 5/15
  2528 | D:3      | Noticed Natasha
  2538 | D:3      | Killed Natasha
  2730 | D:3      | Noticed Natasha
  2751 | D:2      | Killed Natasha
  2881 | D:3      | Found a faded altar of an unknown god.
  3096 | D:3      | Reached skill level 5 in Spellcasting
  3267 | D:3      | Noticed Grinder
  3279 | D:3      | Killed Grinder
  3280 | D:3      | Reached XP level 7. HP: 20/36 MP: 6/17
  3560 | D:4      | Noticed Menkaure
  3628 | D:4      | Killed Menkaure
  3850 | D:4      | Noticed Pikel
  3859 | D:4      | Noticed Pikel
  3859 | D:4      | Pikel changed into Pikel the culicivora
  3863 | D:3      | Noticed Pikel
  3863 | D:3      | Pikel the culicivora changed into Pikel the manticore
  3865 | D:3      | HP: 1/36 [Pikel the manticore (7)]
  3865 | D:3      | Slain by Pikel the manticore

Illustrated notes

Levels and vault maps discovered:
D:1:      onia_arrival_pentagram, layout_basic
D:2:      layout_basic
D:3:      layout_loops_cross, ebering_ecumenical_altar_petrified,
          minmay_statues_item, uniq_natasha, uniq_grinder, uniq_sigmund
D:4:      nicolae_cairo_tiling_large, layout_rooms,
          mainiacjoe_overflow_small_starburst, minmay_temple_entry_poolview,
          uniq_pikel, uniq_menkaure

Skill      XL: |  1  2  3  4  5  6  7 |
---------------+----------------------+-----
Translocations | 1 2 3 4 |  4.0
Hexes          | 1 2 3 |  3.3
Stealth        | 3 4 |  4.5
Dodging        | 3 4 |  4.2
Spellcasting   | 4 5 6 |  6.0
Conjurations   | 5 6 |  6.2

Action                   |  1- 3 |  4- 6 |  7- 9 || total
-------------------------+-------+-------+-------++-------
Melee: Unarmed           |     1 |     2 |       ||     3
       Rapier            |       |     1 |    10 ||    11
       Dagger            |       |     1 |       ||     1
       Punch             |       |       |     1 ||     1
 Cast: Magic Dart        |    72 |    55 |    16 ||   143
       Searing Ray       |       |    14 |     5 ||    19
Evoke: Wand              |       |       |     5 ||     5
  Use: Scroll            |       |     4 |       ||     4
Armor: Robe              |     2 |     5 |    13 ||    20
       Skin              |       |     1 |       ||     1
Dodge: Dodged            |     6 |    35 |    18 ||    59
